 Dungeon Crawl Stone Soup version 0.25-a0-424-g80bd347ae0 (webtiles) character file.

Game seed: 16009101314348828783, levelgen mode: deterministic

7 Nattfarinn the Ducker (level 1, -8/9 HPs)
             Began as a Spriggan Transmuter on Jan 23, 2020.
             Mangled by a gnoll
             ... wielding a +0 halberd
              (17 damage)
             ... on level 1 of the Dungeon.
             The game lasted 00:01:19 (831 turns).

Nattfarinn the Ducker (Spriggan Transmuter)          Turns: 831, Time: 00:01:20

Health: -8/9       AC:  2    Str:  6    XL:     1   Next: 83%
Magic:  4/5        EV: 18    Int: 18    God:
Gold:   35         SH:  0    Dex: 16    Spells: 4/5 levels left

rFire    . . .     SeeInvis +     - Unarmed
rCold    . . .     Gourm    .   (shield restricted)
rNeg     . . .     Faith    .   b - +0 robe
rPois    .         Spirit   .   (helmet restricted)
rElec    .         Reflect  .   (no cloak)
rCorr    .         Harm     .   (gloves unavailable)
MR       .....                  (boots unavailable)
Stlth    +.........             (no amulet)
HPRegen  0.03/turn              e - +4 ring of intelligence
MPRegen  0.09/turn              (no ring)

@: appendage, very quick
A: very small, unfitting armour, horns 2, see invisible, herbivore, speed 3,
slow metabolism 2
a: End Transformation


You were on level 1 of the Dungeon.
You were not hungry.
You had grown temporary horns.
You visited 1 branch of the dungeon, and saw 1 of its levels.

You collected 35 gold pieces.

Inventory:

Missiles
 a - 12 arrows
Armour
 b - a +0 robe (worn)
Jewellery
 e - a +4 ring of intelligence (left hand)
Scrolls
 c - 2 scrolls of remove curse {unknown}
Comestibles
 d - 2 rations


   Skills:
 + Level 0.9 Fighting
 + Level 3.1 Dodging
 * Level 2.5 Unarmed Combat
 + Level 2.8 Spellcasting
 + Level 2.8 Transmutations


You had 4 spell levels left.
You knew the following spells:

 Your Spells              Type           Power        Failure   Level  Hunger
a - Beastly Appendage     Tmut           ##....       4%          1    None

Your spell library contained the following spells:

 Spells                   Type           Power        Failure   Level  Hunger
 Sticks to Snakes         Tmut           ##......     8%          2    ##.....
 Spider Form              Tmut/Pois      #.........   28%         3    ###....
 Ice Form                 Ice/Tmut       #.......     67%         4    ####...
 Blade Hands              Tmut           ##........   80%         5    ######.


Dungeon Overview and Level Annotations

Branches:
Dungeon (1/15)

Altars:


Innate Abilities, Weirdness & Mutations

You are very small and have problems with some larger weapons.
You are too small for most types of armour.
You have supernaturally acute eyesight. (SInv)
You are a herbivore.
You cover ground extremely quickly.
You need to consume almost no food.
You have a pair of horns on your head.


Message History

No target in view!
No target in view!
Found 13 sling bullets.
You now have 26 gold pieces (gained 9).
You now have 35 gold pieces (gained 9).
Magic restored.
e - a tubular golden ring You feel clever.
e - a +4 ring of intelligence (left hand)
Your horns disappear.
c - 2 scrolls labeled VUCU MANEL (gained 1)
A gnoll comes into view. It is wielding a +0 halberd.
Found a scroll labeled VUCU MANEL.
The gnoll shouts!
The gnoll is too close now for your liking.
Casting: Beastly Appendage (safe; 4% risk of failure)
Confirm with . or Enter, or press ? or * to list all spells.
You grow a pair of large bovine horns.
The gnoll closely misses you.
You completely miss the gnoll. The gnoll hits you with a +0 halberd!
Ouch! That really hurt!
You die...

....g......# #....# #.....
..#.#.###..# #.##(##
##.#### .. #..#
#.###.###.## #.
##..####.###.....#
#..####........#...#.#.#
.#.
?..........######.###.#.##
... . ..#.###..# #.#
#....#### .. .P #
#..######.###........
.P#≈#
#..g@............####
.##≈## ## #
#.....###.#####......
.≈≈≈≈ ..#.#######.# #.#
#.####.
.##≈##....#.....#.###.#
#.. .P#≈#P.# #...........#
###. ..P.P..# .....#.#####
.# .......# ... #.# #
...<...# . #.# .......#
########.#


You could see a gnoll.

Vanquished Creatures
  A giant cockroach (D:1)
  A hobgoblin (D:1)
  A bat (D:1)
  2 frilled lizards (D:1)
  A goblin (D:1)
  A kobold (D:1)
  A rat (D:1)
8 creatures vanquished.

Notes
Turn   | Place    | Note
-------+----------+-------------------------------------------
     0 | D:1      | Nattfarinn the Spriggan Transmuter began the quest for the
                  | Orb.
     0 | D:1      | Reached XP level 1. HP: 9/9 MP: 5/5
   831 | D:1      | Mangled by a gnoll

Levels and vault maps discovered:
D:1:      eino_arrival_water_cross, layout_loops_ring

Action                   || total
-------------------------++-------
Melee: Unarmed           ||    43
       Headbutt          ||     1
 Cast: Beastly Appendage ||     6
Armor: Robe              ||     5
Dodge: Dodged            ||    38

Table legend:
 A = Non-vault XP
 B = Vault XP
 C = Vault XP percentage of total XP
 D = Non-vault monster count
 E = Vault monster count
 F = Vault count percentage of total count
                 A         B        C        D         E       F
            +---------+---------+-------+---------+---------+-------
      Total |      10 |       0 |   0.0 |       8 |       0 |   0.0
            +---------+---------+-------+---------+---------+-------
        D:1 |      10 |       0 |   0.0 |       8 |       0 |   0.0
            +---------+---------+-------+---------+---------+-------
